2411 views
Uploaded 2023-12-30 03:49:58
Game version 1.36 (6115)
31:18 long 2on2 ladder game on (4)TwistedMeadows_S2_v1.1
Saved by GIGA
2411 views
Uploaded 2023-12-30 03:49:58
Game version 1.36 (6115)
31:18 long 2on2 ladder game on (4)TwistedMeadows_S2_v1.1


98 units @ 11.6k
/ 1.2k
74 buildings @ 10.7k
/ 5.3k



| Moonstone | 1 | 50 |
| Lesser Clarity Potion | 3 | 210 |
| Orb of Venom | 1 | 325 |
| Scroll of Town Portal | 3 | 1050 |
| Boots of Speed | 3 | 750 |
| Staff of Teleportation | 2 | 300 |
| Orb of Fire | 1 | 325 |
| total: | 14 | 3010g |
| Wisp | 39 | 2340 | / | 0 |
| Archer | 8 | 1040 | / | 80 |
| Chimaera | 3 | 990 | / | 210 |
| Hippogryph | 3 | 480 | / | 60 |
| Goblin Shredder | 1 | 375 | / | 100 |
| Goblin Sapper | 2 | 430 | / | 200 |
| Goblin Zeppelin | 2 | 480 | / | 120 |
| Forest Troll Berserker | 2 | 490 | / | 60 |
| Forest Troll Shadow Priest | 4 | 780 | / | 40 |
| Ogre Mauler | 1 | 300 | / | 0 |
| Mud Golem | 1 | 145 | / | 10 |
| total: | 66 | 7850g | / | 880w |
| Ancient Protector | 23 | 3105 | / | 1840 |
| Altar of Elders | 1 | 180 | / | 50 |
| Moon Well | 9 | 1620 | / | 360 |
| Ancient of War | 1 | 150 | / | 60 |
| Tree of Life | 4 | 1360 | / | 740 |
| Hunter's Hall | 1 | 210 | / | 100 |
| Ancient of Wonders | 2 | 180 | / | 60 |
| Ancient of Wind | 1 | 150 | / | 140 |
| Chimaera Roost | 1 | 140 | / | 190 |
| Tree of Ages | 1 | 320 | / | 180 |
| Tree of Eternity | 1 | 330 | / | 200 |
| total: | 43 | 7095g | / | 3540w |
| 0:01 | Wisp |
| 0:07 | Altar of Elders |
| 0:09 | Wisp |
| 0:17 | Moon Well |
| 0:20 | Wisp |
| 0:34 | Ancient of War |
| 0:35 | Wisp |
| 0:48 | Wisp |
| 0:58 | Wisp |
| 1:11 | Wisp |
| 1:27 | Wisp |
| 1:32 | Moon Well |
| 1:36 | Archer |
| 1:36 | Archer |
| 1:48 | Wisp |
| 1:56 | Archer |
| 2:07 | Shadow Strike |
| 2:11 | Moon Well |
| 2:39 | Wisp |
| 2:39 | Wisp |
| 3:12 | Tree of Ages |
| 3:31 | Tree of Life |
| 4:17 | Blink |
| 4:27 | Hunter's Hall |
| 5:02 | Boots of Speed |
| 5:03 | Staff of Teleportation |
| 5:38 | Archer |
| 5:49 | Tree of Eternity |
| 5:56 | Ancient Protector |
| 6:15 | Forest Troll Berserker |
| 6:15 | Forest Troll Shadow Priest |
| 6:45 | Frost Arrows |
| 6:54 | Ancient Protector |
| 6:57 | Ancient Protector |
| 7:02 | Improved Bows |
| 7:10 | Ancient of Wonders |
| 7:20 | Wisp |
| 7:20 | Wisp |
| 7:36 | Archer |
| 7:48 | Archer |
| 8:23 | Marksmanship |
| 8:25 | Wisp |
| 8:25 | Wisp |
| 8:40 | Shadow Strike |
| 8:42 | Wisp |
| 8:43 | Wisp |
| 8:44 | Forked Lightning |
| 8:46 | Forest Troll Shadow Priest |
| 8:47 | Ogre Mauler |
| 9:10 | Wisp |
| 9:22 | Wisp |
| 9:35 | Mud Golem |
| 9:44 | Chimaera Roost |
| 9:46 | Moon Well |
| 10:29 | Moonstone |
| 10:29 | Lesser Clarity Potion |
| 10:38 | Scroll of Town Portal |
| 10:39 | Orb of Venom |
| 10:43 | Lesser Clarity Potion |
| 10:43 | Lesser Clarity Potion |
| 10:47 | Moon Well |
| 10:55 | Wisp |
| 10:55 | Wisp |
| 10:58 | Moon Well |
| 10:59 | Moon Well |
| 11:07 | Archer |
| 11:07 | Archer |
| 11:23 | Forest Troll Shadow Priest |
| 11:23 | Forest Troll Berserker |
| 11:40 | Boots of Speed |
| 11:46 | Ancient Protector |
| 11:46 | Wisp |
| 11:47 | Wisp |
| 11:54 | Strength of the Moon |
| 11:56 | Chimaera |
| 12:16 | Frost Arrows |
| 12:28 | Goblin Shredder |
| 12:50 | Ancient of Wind |
| 12:53 | Moon Well |
| 12:54 | Blink |
| 13:05 | Chimaera |
| 13:07 | Strength of the Wild |
| 13:08 | Well Spring |
| 13:46 | Forest Troll Shadow Priest |
| 13:54 | Hippogryph |
| 13:55 | Hippogryph |
| 14:03 | Tree of Life |
| 14:15 | Corrosive Breath |
| 14:32 | Goblin Sapper |
| 14:33 | Goblin Sapper |
| 15:28 | Chimaera |
| 15:30 | Improved Strength of the Moon |
| 15:43 | Hippogryph |
| 15:48 | Ultravision |
| 15:49 | Moon Well |
| 15:53 | Ancient Protector |
| 16:20 | Improved Strength of the Wild |
| 16:43 | Ancient Protector |
| 16:44 | Wisp |
| 17:35 | Breath of Fire |
| 17:43 | Orb of Fire |
| 18:13 | Nature's Blessing |
| 18:16 | Ancient Protector |
| 18:19 | Wisp |
| 18:19 | Wisp |
| 18:19 | Wisp |
| 18:41 | Forked Lightning |
| 18:49 | Ancient Protector |
| 18:53 | Scroll of Town Portal |
| 18:55 | Boots of Speed |
| 19:05 | Ancient Protector |
| 19:06 | Wisp |
| 19:07 | Wisp |
| 20:12 | Wisp |
| 20:17 | Ancient Protector |
| 20:18 | Ancient Protector |
| 20:18 | Wisp |
| 20:19 | Wisp |
| 20:19 | Wisp |
| 20:48 | Shadow Strike |
| 20:52 | Wisp |
| 20:52 | Wisp |
| 20:54 | Ancient Protector |
| 20:55 | Ancient Protector |
| 21:06 | Ancient Protector |
| 21:07 | Ancient Protector |
| 21:10 | Ancient Protector |
| 21:18 | Ancient of Wonders |
| 21:34 | Ancient Protector |
| 21:36 | Ancient Protector |
| 22:05 | Goblin Zeppelin |
| 22:21 | Tree of Life |
| 23:36 | Ancient Protector |
| 24:31 | Drunken Brawler |
| 24:59 | Ancient Protector |
| 25:12 | Ancient Protector |
| 25:30 | Staff of Teleportation |
| 26:07 | Goblin Zeppelin |
| 26:43 | Wisp |
| 26:43 | Wisp |
| 26:50 | Wisp |
| 26:50 | Wisp |
| 27:12 | Tree of Life |
| 27:53 | Ancient Protector |
| 27:57 | Ancient Protector |
| 29:45 | Scroll of Town Portal |
| Select group | 1429 |
| Right click | 1154 |
| Misc. action | 1032 |
| Select | 542 |
| Build/train/purchase | 126 |
| Use ability | 117 |
| Assign group | 47 |
| Item give/drop | 14 |
| Minimap ping | 9 |
| Esc | 5 |


| Lesser Clarity Potion | 1 | 70 |
| Scroll of Regeneration | 1 | 100 |
| Scroll of Healing | 1 | 250 |
| Scroll of Town Portal | 1 | 350 |
| Boots of Speed | 1 | 250 |
| Circlet of Nobility | 1 | 175 |
| Potion of Lesser Invulnerability | 1 | 150 |
| Staff of Teleportation | 1 | 150 |
| Orb of Venom | 1 | 325 |
| Staff of Preservation | 1 | 150 |
| total: | 10 | 1970g |
| Peasant | 11 | 825 | / | 0 |
| Footman | 8 | 1080 | / | 0 |
| Sorceress | 2 | 310 | / | 40 |
| Priest | 3 | 405 | / | 30 |
| Flying Machine | 6 | 600 | / | 180 |
| Goblin Zeppelin | 2 | 480 | / | 120 |
| total: | 32 | 3700g | / | 370w |
| Scout Tower | 10 | 300 | / | 200 |
| Arcane Tower | 1 | 70 | / | 50 |
| Guard Tower | 5 | 350 | / | 250 |
| Altar of Kings | 2 | 360 | / | 100 |
| Barracks | 1 | 160 | / | 60 |
| Farm | 8 | 640 | / | 160 |
| Lumber Mill | 1 | 120 | / | 0 |
| Arcane Vault | 1 | 130 | / | 30 |
| Blacksmith | 1 | 140 | / | 60 |
| Town Hall | 3 | 1155 | / | 615 |
| Arcane Sanctum | 2 | 300 | / | 280 |
| Workshop | 2 | 280 | / | 280 |
| Keep | 2 | 640 | / | 420 |
| Castle | 1 | 360 | / | 210 |
| total: | 31 | 3585g | / | 1785w |
| 0:03 | Peasant |
| 0:03 | Peasant |
| 0:07 | Altar of Kings |
| 0:20 | Barracks |
| 0:26 | Peasant |
| 0:35 | Farm |
| 0:40 | Peasant |
| 0:49 | Farm |
| 1:01 | Peasant |
| 1:16 | Peasant |
| 1:21 | Footman |
| 1:27 | Peasant |
| 1:34 | Scout Tower |
| 1:41 | Footman |
| 1:41 | Footman |
| 1:50 | Peasant |
| 2:02 | Farm |
| 2:04 | Arcane Tower |
| 2:16 | Peasant |
| 2:17 | Storm Bolt |
| 2:48 | Peasant |
| 2:49 | Peasant |
| 3:09 | Footman |
| 3:32 | Footman |
| 3:50 | Bash |
| 3:57 | Keep |
| 3:59 | Lumber Mill |
| 4:21 | Farm |
| 4:37 | Arcane Vault |
| 4:43 | Boots of Speed |
| 4:43 | Circlet of Nobility |
| 5:10 | Footman |
| 5:10 | Footman |
| 5:32 | Footman |
| 5:43 | Blacksmith |
| 6:41 | Lesser Clarity Potion |
| 6:45 | Scroll of Regeneration |
| 7:20 | Arcane Sanctum |
| 7:21 | Arcane Sanctum |
| 7:25 | Siphon Mana |
| 7:26 | Storm Bolt |
| 7:50 | Workshop |
| 8:46 | Sorceress Adept Training |
| 8:47 | Sorceress |
| 8:50 | Farm |
| 8:51 | Farm |
| 9:21 | Sorceress |
| 9:49 | Potion of Lesser Invulnerability |
| 9:50 | Scroll of Healing |
| 9:55 | Priest Adept Training |
| 9:56 | Priest |
| 9:58 | Farm |
| 10:14 | Priest |
| 10:35 | Flame Strike |
| 10:57 | Goblin Zeppelin |
| 11:09 | Black Gunpowder |
| 11:26 | Priest |
| 12:14 | Scroll of Town Portal |
| 12:18 | Castle |
| 14:02 | Workshop |
| 14:14 | Bash |
| 14:25 | Town Hall |
| 15:03 | Siphon Mana |
| 15:09 | Priest Master Training |
| 15:10 | Sorceress Master Training |
| 15:48 | Flying Machine Bombs |
| 15:53 | Goblin Zeppelin |
| 16:43 | Flying Machine |
| 16:43 | Flying Machine |
| 16:43 | Flying Machine |
| 16:44 | Flying Machine |
| 16:44 | Flying Machine |
| 16:44 | Flying Machine |
| 18:50 | Farm |
| 20:15 | Town Hall |
| 21:14 | Orb of Venom |
| 21:15 | Staff of Preservation |
| 21:24 | Altar of Kings |
| 22:36 | Keep |
| 23:04 | Staff of Teleportation |
| 24:01 | Town Hall |
| 24:31 | Scout Tower |
| 24:31 | Scout Tower |
| 24:33 | Scout Tower |
| 24:34 | Scout Tower |
| 24:34 | Scout Tower |
| 24:35 | Scout Tower |
| 24:58 | Guard Tower |
| 25:10 | Guard Tower |
| 25:33 | Guard Tower |
| 25:42 | Scout Tower |
| 25:44 | Scout Tower |
| 25:48 | Scout Tower |
| 26:33 | Guard Tower |
| Select group | 1355 |
| Right click | 1314 |
| Select | 495 |
| Build/train/purchase | 84 |
| Use ability | 68 |
| Misc. action | 36 |
| Assign group | 19 |
| Item give/drop | 8 |
| Esc | 2 |
93 units @ 9.3k
/ 1.6k
116 buildings @ 8.3k
/ 4k
DudeWhy
(236)
(31:16) : 

| Staff of Teleportation | 2 | 300 |
| total: | 2 | 300g |
| Peasant | 23 | 1725 | / | 0 |
| Footman | 2 | 270 | / | 0 |
| Mortar Team | 3 | 540 | / | 210 |
| Goblin Zeppelin | 1 | 240 | / | 60 |
| total: | 29 | 2775g | / | 270w |
| Scout Tower | 53 | 1590 | / | 1060 |
| Arcane Tower | 2 | 140 | / | 100 |
| Guard Tower | 14 | 980 | / | 700 |
| Altar of Kings | 2 | 360 | / | 100 |
| Farm | 12 | 960 | / | 240 |
| Barracks | 1 | 160 | / | 60 |
| Arcane Vault | 1 | 130 | / | 30 |
| Lumber Mill | 2 | 240 | / | 0 |
| Town Hall | 4 | 1540 | / | 820 |
| Blacksmith | 1 | 140 | / | 60 |
| Workshop | 2 | 280 | / | 280 |
| Keep | 2 | 640 | / | 420 |
| Castle | 1 | 360 | / | 210 |
| total: | 78 | 5400g | / | 2650w |
| 0:03 | Peasant |
| 0:05 | Altar of Kings |
| 0:08 | Peasant |
| 0:13 | Peasant |
| 0:19 | Farm |
| 0:21 | Peasant |
| 0:32 | Peasant |
| 0:39 | Barracks |
| 0:47 | Peasant |
| 0:57 | Farm |
| 1:17 | Peasant |
| 1:28 | Peasant |
| 1:38 | Peasant |
| 1:41 | Footman |
| 1:43 | Scout Tower |
| 1:51 | Peasant |
| 2:03 | Farm |
| 2:10 | Storm Bolt |
| 2:18 | Peasant |
| 2:20 | Arcane Tower |
| 2:31 | Footman |
| 2:42 | Arcane Vault |
| 3:29 | Scout Tower |
| 3:33 | Lumber Mill |
| 3:34 | Peasant |
| 3:34 | Peasant |
| 4:02 | Peasant |
| 4:23 | Scout Tower |
| 4:24 | Scout Tower |
| 4:28 | Scout Tower |
| 4:30 | Scout Tower |
| 4:32 | Scout Tower |
| 4:44 | Guard Tower |
| 4:45 | Scout Tower |
| 4:47 | Peasant |
| 4:47 | Peasant |
| 5:07 | Guard Tower |
| 5:20 | Peasant |
| 5:20 | Peasant |
| 5:21 | Guard Tower |
| 5:37 | Scout Tower |
| 5:37 | Scout Tower |
| 6:10 | Scout Tower |
| 6:10 | Scout Tower |
| 6:14 | Scout Tower |
| 6:16 | Scout Tower |
| 6:18 | Guard Tower |
| 6:28 | Scout Tower |
| 6:29 | Peasant |
| 6:41 | Lumber Mill |
| 6:44 | Arcane Tower |
| 6:47 | Guard Tower |
| 6:48 | Scout Tower |
| 6:50 | Scout Tower |
| 6:58 | Guard Tower |
| 7:24 | Guard Tower |
| 7:29 | Keep |
| 7:33 | Improved Lumber Harvesting |
| 7:38 | Guard Tower |
| 8:43 | Improved Masonry |
| 10:42 | Farm |
| 10:44 | Farm |
| 10:46 | Farm |
| 11:00 | Goblin Zeppelin |
| 13:31 | Town Hall |
| 13:33 | Scout Tower |
| 13:35 | Scout Tower |
| 14:32 | Guard Tower |
| 14:57 | Scout Tower |
| 15:00 | Scout Tower |
| 15:02 | Scout Tower |
| 15:16 | Altar of Kings |
| 15:36 | Guard Tower |
| 17:01 | Bash |
| 17:25 | Guard Tower |
| 17:28 | Scout Tower |
| 17:29 | Scout Tower |
| 17:30 | Scout Tower |
| 17:31 | Scout Tower |
| 18:13 | Guard Tower |
| 18:17 | Storm Bolt |
| 18:32 | Scout Tower |
| 18:33 | Scout Tower |
| 18:34 | Scout Tower |
| 18:35 | Scout Tower |
| 18:36 | Scout Tower |
| 18:38 | Scout Tower |
| 18:44 | Scout Tower |
| 18:45 | Scout Tower |
| 18:46 | Scout Tower |
| 18:47 | Scout Tower |
| 18:48 | Scout Tower |
| 19:16 | Guard Tower |
| 19:19 | Peasant |
| 19:20 | Peasant |
| 19:39 | Farm |
| 19:42 | Farm |
| 19:52 | Guard Tower |
| 20:17 | Holy Light |
| 21:15 | Keep |
| 21:20 | Holy Light |
| 21:20 | Divine Shield |
| 21:24 | Holy Light |
| 21:37 | Town Hall |
| 21:38 | Scout Tower |
| 21:39 | Scout Tower |
| 21:41 | Scout Tower |
| 21:42 | Scout Tower |
| 21:45 | Scout Tower |
| 21:45 | Scout Tower |
| 21:46 | Scout Tower |
| 21:47 | Scout Tower |
| 21:48 | Scout Tower |
| 22:16 | Blacksmith |
| 23:19 | Town Hall |
| 23:53 | Bash |
| 24:51 | Peasant |
| 24:51 | Peasant |
| 24:54 | Castle |
| 25:04 | Black Gunpowder |
| 25:05 | Workshop |
| 25:08 | Workshop |
| 25:22 | Staff of Teleportation |
| 25:22 | Staff of Teleportation |
| 26:53 | Flare |
| 26:53 | Mortar Team |
| 26:53 | Mortar Team |
| 26:53 | Mortar Team |
| 26:55 | Farm |
| 26:55 | Farm |
| 26:56 | Farm |
| 26:56 | Farm |
| 27:04 | Bash |
| 28:16 | Holy Light |
| 29:28 | Town Hall |
| 29:31 | Scout Tower |
| 29:31 | Scout Tower |
| 29:31 | Scout Tower |
| 29:32 | Scout Tower |
| 29:32 | Scout Tower |
| 29:32 | Scout Tower |
| 29:33 | Scout Tower |
| Right click | 1318 |
| Select group | 490 |
| Select | 403 |
| Misc. action | 99 |
| Use ability | 83 |
| Build/train/purchase | 76 |
| Resource trade | 44 |
| Assign group | 26 |
| Minimap ping | 8 |
| Item give/drop | 2 |
| Remove unit | 1 |
| Esc | 1 |


| Scroll of Regeneration | 1 | 100 |
| total: | 1 | 100g |
| Peasant | 21 | 1575 | / | 0 |
| Flying Machine | 36 | 3600 | / | 1080 |
| Mortar Team | 1 | 180 | / | 70 |
| Dragonhawk Rider | 6 | 1200 | / | 180 |
| total: | 64 | 6555g | / | 1330w |
| Scout Tower | 18 | 540 | / | 360 |
| Arcane Tower | 4 | 280 | / | 200 |
| Guard Tower | 5 | 350 | / | 250 |
| Altar of Kings | 1 | 180 | / | 50 |
| Farm | 12 | 960 | / | 240 |
| Lumber Mill | 1 | 120 | / | 0 |
| Town Hall | 1 | 385 | / | 205 |
| Blacksmith | 1 | 140 | / | 60 |
| Arcane Vault | 1 | 130 | / | 30 |
| Cannon Tower | 1 | 120 | / | 100 |
| Workshop | 2 | 280 | / | 280 |
| Gryphon Aviary | 1 | 140 | / | 150 |
| Keep | 1 | 320 | / | 210 |
| Castle | 1 | 360 | / | 210 |
| total: | 38 | 2875g | / | 1375w |
| 0:03 | Peasant |
| 0:04 | Peasant |
| 0:07 | Altar of Kings |
| 0:11 | Farm |
| 0:13 | Farm |
| 0:17 | Peasant |
| 0:35 | Peasant |
| 0:40 | Peasant |
| 1:01 | Peasant |
| 1:16 | Peasant |
| 1:25 | Scout Tower |
| 1:26 | Peasant |
| 1:27 | Peasant |
| 1:38 | Peasant |
| 1:50 | Farm |
| 1:54 | Arcane Tower |
| 1:58 | Lumber Mill |
| 2:11 | Storm Bolt |
| 2:35 | Peasant |
| 2:35 | Peasant |
| 2:54 | Peasant |
| 2:54 | Peasant |
| 3:51 | Peasant |
| 3:51 | Peasant |
| 3:58 | Bash |
| 4:02 | Town Hall |
| 4:11 | Scout Tower |
| 4:12 | Scout Tower |
| 4:13 | Scout Tower |
| 4:24 | Keep |
| 4:40 | Scout Tower |
| 4:43 | Improved Masonry |
| 4:43 | Improved Lumber Harvesting |
| 4:46 | Scout Tower |
| 4:51 | Guard Tower |
| 4:55 | Scout Tower |
| 5:38 | Guard Tower |
| 6:21 | Arcane Tower |
| 6:24 | Peasant |
| 6:34 | Blacksmith |
| 6:39 | Peasant |
| 6:45 | Scout Tower |
| 6:46 | Scout Tower |
| 6:48 | Advanced Lumber Harvesting |
| 6:56 | Peasant |
| 6:56 | Peasant |
| 7:03 | Workshop |
| 7:05 | Workshop |
| 7:30 | Peasant |
| 7:38 | Castle |
| 7:44 | Farm |
| 7:44 | Farm |
| 7:46 | Farm |
| 7:55 | Arcane Tower |
| 7:59 | Holy Light |
| 8:02 | Arcane Vault |
| 8:04 | Arcane Tower |
| 8:07 | Black Gunpowder |
| 8:08 | Flying Machine |
| 8:12 | Flying Machine |
| 8:15 | Farm |
| 8:16 | Farm |
| 8:26 | Advanced Masonry |
| 8:44 | Mortar Team |
| 8:46 | Flare |
| 8:53 | Iron Plating |
| 9:03 | Flak Cannons |
| 9:26 | Gryphon Aviary |
| 9:30 | Refined Gunpowder |
| 9:39 | Scout Tower |
| 9:41 | Scout Tower |
| 9:58 | Flying Machine Bombs |
| 10:00 | Fragmentation Shards |
| 10:34 | Cannon Tower |
| 10:35 | Guard Tower |
| 10:36 | Imbued Masonry |
| 10:40 | Flying Machine |
| 10:40 | Flying Machine |
| 10:40 | Flying Machine |
| 10:40 | Flying Machine |
| 10:44 | Farm |
| 10:45 | Farm |
| 10:47 | Steel Plating |
| 12:07 | Flying Machine |
| 12:07 | Flying Machine |
| 12:08 | Flying Machine |
| 12:09 | Flying Machine |
| 12:09 | Flying Machine |
| 12:10 | Flying Machine |
| 12:10 | Flying Machine |
| 12:10 | Flying Machine |
| 12:10 | Flying Machine |
| 12:10 | Flying Machine |
| 12:10 | Flying Machine |
| 13:00 | Flying Machine |
| 13:00 | Flying Machine |
| 13:00 | Flying Machine |
| 13:00 | Flying Machine |
| 13:03 | Imbued Gunpowder |
| 13:17 | Storm Bolt |
| 13:20 | Divine Shield |
| 13:50 | Scout Tower |
| 13:51 | Scout Tower |
| 13:51 | Scout Tower |
| 13:52 | Scout Tower |
| 13:54 | Scout Tower |
| 13:54 | Scout Tower |
| 13:55 | Scout Tower |
| 14:00 | Scroll of Regeneration |
| 14:41 | Cloud |
| 14:42 | Dragonhawk Rider |
| 14:42 | Dragonhawk Rider |
| 14:42 | Dragonhawk Rider |
| 14:43 | Dragonhawk Rider |
| 14:59 | Flying Machine |
| 14:59 | Flying Machine |
| 14:59 | Flying Machine |
| 14:59 | Flying Machine |
| 14:59 | Flying Machine |
| 15:04 | Mithril Plating |
| 15:18 | Guard Tower |
| 16:25 | Farm |
| 16:27 | Farm |
| 16:30 | Flying Machine |
| 16:30 | Flying Machine |
| 20:57 | Guard Tower |
| 21:16 | Flying Machine |
| 21:16 | Flying Machine |
| 21:16 | Flying Machine |
| 21:16 | Flying Machine |
| 21:16 | Flying Machine |
| 21:17 | Flying Machine |
| 21:17 | Flying Machine |
| 21:17 | Flying Machine |
| 22:19 | Dragonhawk Rider |
| 22:19 | Dragonhawk Rider |
| 28:13 | Devotion Aura |
| 30:37 | Storm Bolt |
| Right click | 2351 |
| Select group | 1622 |
| Select | 439 |
| Build/train/purchase | 120 |
| Misc. action | 24 |
| Assign group | 22 |
| Use ability | 15 |
| Minimap ping | 9 |
| Resource trade | 5 |
| Esc | 4 |
| Remove unit | 1 |
⇛